AoeStats
← Blyad _Mann

Arena

508703183Analyzed
4v4 RM · 9d ago on Sep 23, 2026· 38m 45s· 8 players
Game mode
Random Map
Map size
Large (8 player)
Population
200
Speed
Normal
Resources
Standard
Victory
Conquest
Starting age
Dark Age
Ending age
Imperial Age
RankedLock teamsTeams togetherTeam positionsShared explorationLock speedFull tech treeHidden civsTurbo modeCheats
Victory
Defeat
🇺🇸 Khmer · United States
1031
+15
🇨🇴 Vikings · Colombia
1028
+15
🇺🇸 Aztecs · United States
1017
+16
🇨🇦 Malians · Canada
1011
+16
🇩🇪 Burgundians · Germany
1025
-17
🇵🇱 Poles · Poland
1018
-16
🇳🇱 Turks · Netherlands
1008
-15
🇳🇱 Danes · Netherlands
977
-14
juanesto
10:25 Feudal Age
11:58 Loom
16:00 Castle Age
14:05 Double-Bit Axe
18:44 Horse Collar
20:06 Padded Archer Armor
30:48 Wheelbarrow
30:44 Town Watch
35:12 Imperial Age
36:48 Artillery
36:58 Heavy Plow
giancarlo7
10:25 Feudal Age
12:13 Wheelbarrow
11:20 Horse Collar
11:28 Double-Bit Axe
18:35 Castle Age
16:49 Stone Mining
17:42 Forging
17:56 Scale Mail Armor
18:08 Gold Mining
19:17 Scale Barding Armor
23:33 Iron Casting
23:28 Bow Saw
28:06 Husbandry
32:46 Imperial Age
31:13 Szlachta Privileges
31:57 Chain Barding Armor
31:54 Chain Mail Armor
33:50 Conscription
34:20 Cavalier
Blyad _Mann
0:27 Loom
12:42 Feudal Age
13:13 Double-Bit Axe
13:10 Horse Collar
19:50 Castle Age
17:58 Gold Mining
17:51 Man-at-Arms
18:48 Scale Mail Armor
19:50 Arson
21:02 Chain Mail Armor
21:16 Heavy Plow
21:53 Forging
23:18 Stone Mining
25:42 Squires
27:03 Long Swordsman
30:06 Wheelbarrow
30:50 Iron Casting
31:46 Bow Saw
32:46 Hamask
RapperWaerter97
EvenEdge
11:02 Feudal Age
13:44 Castle Age
12:22 Double-Bit Axe
13:31 Horse Collar
15:22 Heavy Plow
23:06 Wheelbarrow
23:07 Bow Saw
27:50 Imperial Age
25:49 Gold Mining
26:16 Forging
26:41 Scale Barding Armor
27:22 Gold Shaft Mining
27:19 Husbandry
28:18 Iron Casting
27:08 Light Cavalry
31:05 Hand Cart
34:29 Blast Furnace
35:57 Chain Barding Armor
37:11 Elite Battle Elephant
ckookies__
10:24 Feudal Age
8:40 Loom
12:12 Fletching
12:12 Double-Bit Axe
12:38 Horse Collar
22:40 Castle Age
21:40 Gold Mining
24:02 Bow Saw
24:32 Gold Shaft Mining
24:11 Squires
24:14 Scale Mail Armor
24:25 Forging
24:43 Stone Mining
24:59 Heavy Plow
25:51 Squires
31:39 Chieftains
35:23 Imperial Age
32:43 Town Watch
33:36 Chain Mail Armor
33:19 Bodkin Arrow
34:39 Iron Casting
33:54 Arson
36:13 Bracer
36:36 Conscription
36:19 Bogsveigar
36:55 Hoardings
35:53 Crossbowman
37:55 Chemistry
37:16 Ballistics
Achilles333
10:34 Feudal Age
16:53 Castle Age
15:33 Double-Bit Axe
15:40 Horse Collar
21:23 Stone Mining
24:04 Stone Shaft Mining
23:19 Gold Mining
26:19 Squires
26:56 Forging
26:48 Scale Mail Armor
29:49 Imperial Age
27:14 Loom
28:02 Gambesons
28:37 Chain Mail Armor
28:33 Forging
29:53 Arson
30:02 Fletching
31:26 Block Printing
32:50 Wheelbarrow
32:26 Bow Saw
32:17 Heavy Plow
32:54 Gold Shaft Mining
35:51 Conscription
35:58 Garland Wars
35:10 Elite Jaguar Warrior
36:52 Hand Cart
37:58 Garland Wars
dasorux
13:05 Feudal Age
13:12 Man-at-Arms
13:41 Arson
13:53 Double-Bit Axe
14:19 Man-at-Arms
18:56 Castle Age
19:16 Wheelbarrow
21:06 Scale Mail Armor
20:45 Pikeman
21:26 Squires
22:17 Town Watch
24:25 Town Patrol
24:39 Forging
27:51 Bow Saw
27:30 Horse Collar
28:26 Scale Barding Armor
28:13 Fletching
31:07 Hand Cart
34:14 Imperial Age
31:14 Light Cavalry
32:04 Bloodlines
31:55 Husbandry
31:55 Long Swordsman
33:41 Gold Mining
33:42 Stone Mining
35:09 Chain Mail Armor
36:04 Elite Skirmisher
37:14 Farimba
37:17 Tigui
38:50 Chemistry
38:03 Fortified Wall
37:34 Treadmill Crane
38:05 Masonry
38:54 Heavy Plow
Connection lost

Rejoining the realm…

Still unreachable

The connection could not be restored.

Session expired

The server has moved on; the page needs a fresh start.